 Dungeon Crawl Stone Soup version 0.29-a0-307-gecccbbdb84 (webtiles) character file.

Game seed: 5041734179419396989

5359 Flugkiller the Sneak (level 10, -7/74 HPs)
             Began as a Vampire Delver on Mar 27, 2022.
             Was a Believer of Uskayaw.
             Mangled by a troll (9 damage)
             ... on level 9 of the Dungeon.
             The game lasted 00:16:24 (9924 turns).

Flugkiller the Sneak (Vampire Delver)               Turns: 9924, Time: 00:16:25

Health: -7/74      AC:  6    Str: 11    XL:     10   Next: 39%
Magic:  14/14      EV: 16    Int: 17    God:    Uskayaw [**....]
Gold:   429        SH:  0    Dex: 22    Spells: 9/15 levels left

rFire   + . .      SeeInvis +   E - +4 dagger (venom)
rCold   . . .      Faith    .   (no shield)
rNeg    . . .      Spirit   .   z - +0 acid dragon scales
rPois   .          Reflect  .   (no helmet)
rElec   .          Harm     .   (no cloak)
rCorr   +          Rampage  .   (no gloves)
Will    +....                   (no boots)
Stlth   ++++......              J - amulet of the acrobat
HPRegen 0.42/turn               f - +6 ring of dexterity
MPRegen 0.14/turn               p - ring of protection from fire

@: healing quickly
A: alive, fangs 3, see invisible, vampiric 2
a: Exsanguinate, Renounce Religion, Stomp, Line Pass


You were on level 9 of the Dungeon.
You worshipped Uskayaw.
Uskayaw was noncommittal.
You visited 2 branches of the dungeon, and saw 10 of its levels.

You collected 429 gold pieces.

Inventory:

Hand Weapons
 n - a +0 rapier
   (You found it on level 1 of the Dungeon)
 E - a +4 dagger of venom (weapon)
   (You found it on level 1 of the Dungeon)
 G - a +3 dagger of pain
   (You took it off a kobold demonologist on level 6 of the Dungeon)
 L - a +3 long sword of venom
   (You found it on level 8 of the Dungeon)
Missiles
 q - a curare-tipped dart (quivered)
Armour
 b - a +0 leather armour
 z - +0 acid dragon scales (worn)
   (You found it on level 9 of the Dungeon)
 B - the +1 ring mail of Protective Custody {Will+}
   (You found it on level 4 of the Dungeon)

   Will:      It increases your willpower.
 H - the +1 scale mail of Meager New Discoveries {rN+ Str+4 Int-3}
   (You found it on level 7 of the Dungeon)

   Str:       It affects your strength (+4).
   Int:       It affects your intelligence (-3).
   rN:        It protects you from negative energy.
Jewellery
 f - a +6 ring of dexterity (left hand)
   (You found it on level 5 of the Dungeon)
 p - a ring of protection from fire (right hand)
   (You found it on level 8 of the Dungeon)
 y - a ring of flight
   (You found it on level 3 of the Dungeon)
 J - an amulet of the acrobat (around neck)
   (You found it on level 8 of the Dungeon)
Wands
 a - a wand of polymorph (11)
   (You found it on level 8 of the Dungeon)
 g - a wand of digging (6)
 i - a wand of flame (32)
   (You found it on level 8 of the Dungeon)
 C - a wand of iceblast (19)
   (You found it on level 5 of the Dungeon)
 D - a wand of paralysis (1)
   (You found it on level 5 of the Dungeon)
 K - a wand of mindburst (11)
   (You found it on level 8 of the Dungeon)
Scrolls
 c - 3 scrolls of fog
 e - 4 scrolls of fear
 j - 3 scrolls of immolation
 k - a scroll of enchant armour
 l - a scroll of vulnerability {unknown}
 r - a scroll of torment {unknown}
 t - a scroll of teleportation
 u - 2 scrolls of magic mapping
 v - a scroll of amnesia
 A - a scroll of enchant weapon
 I - a scroll of summoning {unknown}
 M - a scroll of silence {unknown}
Potions
 d - a potion of might
 h - 5 potions of haste
 m - 2 potions of cancellation
 o - a potion of brilliance
 s - 3 potions of flight {unknown}
 w - 3 potions of heal wounds {unknown}
 x - 3 potions of mutation
 F - 4 potions of attraction {unknown}


   Skills:
 + Level 5.4 Fighting
 + Level 6.7 Short Blades
 + Level 6.7 Dodging
 - Level 7.2 Stealth
 - Level 3.0 Spellcasting
 - Level 3.7 Conjurations
 + Level 4.2 Hexes
 - Level 4.6 Air Magic
 - Level 4.2 Poison Magic
 + Level 3.4 Invocations
 - Level 5.0 Evocations


You had 9 spell levels left.
You knew the following spells:

 Your Spells              Type           Power      Damage    Failure   Level
a - Mephitic Cloud        Conj/Pois/Air  16%        N/A       14%         3
b - Dazzling Flash        Conj/Hex       32%        N/A       16%         3

Your spell library contained the following spells:

 Spells                   Type           Power      Damage    Failure   Level
 Magic Dart               Conj           60%        1d6       6%          1
 Animate Skeleton         Necr           4%         N/A       26%         1
 Apportation              Tloc           4%         N/A       26%         1
 Freeze                   Ice            8%         1d3       26%         1
 Summon Small Mammal      Summ           8%         N/A       26%         1
 Portal Projectile        Hex/Tloc       18%        N/A       34%         3
 Call Imp                 Summ           2%         N/A       38%         2
 Call Canine Familiar     Summ           2%         N/A       63%         3
 Frozen Ramparts          Ice            4%         1d2       63%         3
 Gell's Gravitas          Tloc           2%         N/A       63%         3
 Teleport Other           Tloc           2%         N/A       63%         3
 Leda's Liquefaction      Hex/Erth       4%         N/A       75%         4
 Hailstorm                Conj/Ice       8%         3d4       77%         4
 Iskenderun's Mystic Bla  Conj/Tloc      8%         2d4       77%         4
 Dispersal                Tloc           1%         N/A       100%        6
 Starburst                Conj/Fire      4%         6d3       100%        6


Dungeon Overview and Level Annotations

Branches:
Dungeon (9/15)             Temple (1/1) D:7
   Lair: D:8-11         Orc: D:9-12

Altars:
Ashenzari
Cheibriados
Dithmenos
Elyvilon
Fedhas
Gozag
Hepliaklqana
Kikubaaqudgha
Makhleb
Nemelex Xobeh
Okawaru
Qazlal
Ru
Sif Muna
Trog
Uskayaw
Vehumet
Wu Jian
Xom
Yredelemnul
Zin
The Shining One

Annotations:
D:2 Sigmund
D:9 Amaemon, Grum


Innate Abilities, Weirdness & Mutations

Your natural rate of healing is accelerated.
You have razor-sharp teeth.
You have supernaturally acute eyesight. (SInv)
You are afflicted with vampirism and can become a bat while bloodless.


Message History

You closely miss the wolf.
The wolf is lightly wounded.
The wolf bites you.
You barely miss the wolf.
The wolf is lightly wounded.
The wolf misses you.
You puncture the wolf!
The wolf looks as sick as possible!
The wolf is heavily wounded.
The wolf barely misses you.
You hit the wolf.
The wolf looks as sick as possible!
The wolf is severely wounded.
The wolf closely misses you.
You puncture the wolf!
You kill the wolf!
You can now pass through a line of other dancers.
No target in view!
No target in view!
You start resting.
HP restored.
Things that are here:
a stone; a +0 club
Things that are here:
4 poisoned darts; a +0 dagger; a kobold skeleton
Found a long sword.
M - a scroll labelled DIYFESM ENITUA You see here a +0 long sword.
A basilisk comes into view.
A basilisk is nearby!
The basilisk hisses angrily.
The basilisk completely misses you.
You closely miss the basilisk. The basilisk barely misses you.
You hit the basilisk.
You bite the basilisk, but do no damage.
The basilisk is lightly wounded.
You hit the basilisk.
The basilisk is poisoned.
Your bite misses the basilisk.
The basilisk is moderately wounded.
The basilisk bites you.
You hit the basilisk.
The basilisk looks as sick as possible!
The basilisk is moderately wounded.
The basilisk barely misses you.
You hit the basilisk but do no damage.
The basilisk looks as sick as possible!
The basilisk is heavily wounded.
You hit the basilisk.
The basilisk looks as sick as possible!
The basilisk is heavily wounded.
The basilisk bites you but does no damage.
You can now pass through a line of other dancers.
You puncture the basilisk!
The basilisk looks as sick as possible!
The basilisk is severely wounded.
The basilisk misses you.
You closely miss the basilisk.
You punch the basilisk, but do no damage.
The basilisk is almost dead.
You barely miss the basilisk. You bite the basilisk.
You kill the basilisk!
No target in view!
No target in view!
A troll comes into view.
A troll is nearby!
The troll shouts!
You hear an angry hiss.
You hear a loud, deep croak!
A steam dragon comes into view.
The steam dragon moves out of view.
You hit the troll but do no damage.
The troll is poisoned.
You bite the troll, but do no damage. The troll bites you but does no damage.
The troll misses you. The troll closely misses you.
You hit the troll but do no damage.
The troll looks as sick as possible!
You bite the troll, but do no damage.
The troll is lightly wounded.
You hit the troll.
The troll is lightly wounded.
The troll barely misses you. The troll misses you. The troll claws you!
You puncture the troll!
The troll looks as sick as possible!
The troll is moderately wounded.
The troll barely misses you. The troll completely misses you.
The troll claws you!
You hit the troll.
The troll looks as sick as possible!
The troll is moderately wounded.
You hit the troll.
The troll looks as sick as possible!
The troll is heavily wounded.
The troll misses you. The troll closely misses you. The troll claws you!
You hit the troll but do no damage.
The troll is heavily wounded.
The troll barely misses you. The troll claws you.
The troll completely misses you.
You are too injured to fight recklessly!
You are too injured to fight recklessly!
You hit the troll.
The troll looks as sick as possible!
The troll is heavily wounded.
The troll bites you! The troll claws you. The troll barely misses you.
You hit the troll but do no damage.
The troll looks as sick as possible!
You bite the troll.
The troll is heavily wounded.
You can now pass through a line of other dancers.
You hit the troll.
The troll is severely wounded.
The troll bites you!
* * * LOW HITPOINT WARNING * * *
The troll claws you!
* * * LOW HITPOINT WARNING * * *
The troll claws you!
You die...

## #.#...#........# #
##...###........# #
#....# #........# #
#....# #........# #
#....# #........# #
#....# ##########
########### ### ###..
###.#.###.#
#.#.###.....T@..##
.####........###....##
#### #..........###
####..#####..#####
........#.##
#.##...###......
....##.####
#######...###.## ...
##. ####.#### # ## ###


You could see a troll (extremely poisoned).

Vanquished Creatures
  Pikel (D:5)
  An ugly thing (D:8)
  A kobold demonologist (D:6)
  A hornet (D:9)
  A wyvern (D:9)
  4 yaks
  A basilisk (D:9)
  A steam dragon (D:8)
  An acid dragon (D:9)
  2 water moccasins (D:6)
  An orc warrior (D:8)
  A sky beast (D:8)
  2 ogres
  3 wolves
  A centaur (D:9)
  A lemure (D:4)
  A phantom (D:4)
  A kobold brigand (D:8)
  Blork the orc (D:6)
  4 bullfrogs
  A necrophage (D:6)
  8 wights
  A howler monkey (D:9)
  7 hounds
  2 orc priests
  4 jellies
  A gnoll shaman (D:6)
  2 iguanas
  5 orc wizards
  8 adders
  16 gnolls
  A shadow imp (D:7)
  2 white imps
  2 ufetubi
  8 worms
  4 dart slugs
  37 orcs
  4 bats
  5 endoplasms
  6 giant cockroaches
  9 goblins
  8 hobgoblins
  9 jackals
  4 quokkas
  7 ball pythons
  3 frilled lizards
  13 kobolds
  7 rats
214 creatures vanquished.

Vanquished Creatures (others)
  An orc wizard (D:7)
  A plant (D:3)
2 creatures vanquished.

Grand Total: 216 creatures vanquished

Notes
Turn   | Place    | Note
-------+----------+-------------------------------------------
     0 | D:5      | Flugkiller the Vampire Delver began the quest for the Orb.
     0 | D:5      | Reached XP level 1. HP: 17/17 MP: 1/1
    54 | D:5      | Noticed a hound
   276 | D:4      | Noticed a hound
   298 | D:4      | Noticed an orc wizard
   308 | D:3      | Reached XP level 2. HP: 23/23 MP: 2/2
   572 | D:2      | You fall into a shaft and drop 1 floor!
   629 | D:2      | Gained mutation: You are afflicted with vampirism and can
                  | become a bat while bloodless. [Vampire growth]
   629 | D:2      | Reached XP level 3. HP: 28/28 MP: 3/3
  1212 | D:1      | Reached XP level 4. HP: 34/34 MP: 4/4
  1576 | D:2      | Reached skill level 5 in Dodging
  2058 | D:2      | Noticed Sigmund
  2365 | D:3      | Reached XP level 5. HP: 41/41 MP: 5/5
  2409 | D:3      | Found a faded altar of an unknown god.
  2701 | D:4      | Reached XP level 6. HP: 48/48 MP: 6/6
  2759 | D:4      | Identified the +1 ring mail of Protective Custody {Will+}
  3031 | D:4      | Reached skill level 5 in Short Blades
  3094 | D:4      | Reached skill level 1 in Spellcasting
  3205 | D:4      | Learned a level 3 spell: Mephitic Cloud
  3337 | D:4      | Reached XP level 7. HP: 36/54 MP: 10/10
  3580 | D:5      | Noticed Pikel
  3902 | D:5      | Reached skill level 1 in Air Magic
  3977 | D:5      | Killed Pikel
  3978 | D:5      | Reached XP level 8. HP: 41/60 MP: 10/12
  4665 | D:6      | Noticed a kobold demonologist
  4676 | D:6      | Killed a kobold demonologist
  4772 | D:6      | Noticed Blork the orc
  4784 | D:6      | Killed Blork the orc
  5554 | D:6      | Reached skill level 1 in Evocations
  5669 | D:6      | Reached XP level 9. HP: 59/65 MP: 13/13
  5738 | D:7      | Found a staircase to the Ecumenical Temple.
  5810 | D:7      | Identified the +1 scale mail of Meager New Discoveries {rN+
                  | Str+4 Int-3}
  6852 | D:7      | Reached skill level 5 in Evocations
  7238 | Temple   | Entered the Ecumenical Temple
  7455 | Temple   | Became a worshipper of Uskayaw the Reveller
  7524 | D:8      | Reached * piety under Uskayaw
  7526 | D:8      | Reached ** piety under Uskayaw
  7560 | D:8      | Found an iron altar of Okawaru.
  7652 | D:8      | Reached skill level 1 in Invocations
  8274 | D:8      | Noticed a purple ugly thing
  8287 | D:8      | Learned a level 3 spell: Dazzling Flash
  8354 | D:8      | Killed a purple ugly thing
  8355 | D:8      | Reached skill level 1 in Hexes
  8541 | D:9      | Paralysed by a hornet for 1 turns
  8543 | D:9      | Reached XP level 10. HP: 24/73 MP: 10/14
  8770 | D:9      | Reached skill level 5 in Fighting
  9466 | D:9      | Noticed Grum
  9599 | D:9      | Noticed an orange demon
  9682 | D:9      | Noticed Amaemon
  9924 | D:9      | HP: 2/74 [troll (11)]
  9924 | D:9      | Mangled by a troll

Illustrated notes

Levels and vault maps discovered:
D:1:      zaba_arrival_water, layout_rooms, columned_hall_lemuel
D:2:      layout_basic, serial_corexii_hall, corexii_hall_statues_u,
          chequers_hall_statues_wall_a, chequers_hall_statues_y,
          chequers_hall_statues_corner_a, corexii_hall_statues_u,
          corexii_hall_statues_x, uniq_sigmund, uniq_crazy_yiuf_cottage
D:3:      layout_loops_cross, basic_ecumenical_altar, serial_bayou_pond_d
D:4:      layout_loops_corners, kennysheep_generic_room_9
D:5:      layout_basic, uniq_pikel
D:6:      layout_cave_pods, uniq_blork_the_orc
D:7:      layout_gridville, minmay_temple_entry_large_hall
D:8:      layout_loops_cross, overflow_temple_1_default, roderic_roman_lattice
D:9:      layout_rooms, erik_lair_dragon, uniq_amaemon, uniq_grum
Temple:   mainiacjoe_temple_archimedes_tessellation

Skill      XL: |  1  2  3  4  5  6  7  8  9 10 |
---------------+-------------------------------+-----
Dodging        | 3 4 5 6 |  6.7
Fighting       | 3 4 5 |  5.4
Short Blades   | 3 4 5 6 |  6.7
Spellcasting   | 2 3 |  3.0
Air Magic      | 2 4 |  4.6
Conjurations   | 2 3 |  3.7
Poison Magic   | 2 4 |  4.2
Evocations     | 1 5 |  5.0
Invocations    | 2 3 |  3.4
Hexes          | 2 4 |  4.2
Stealth        | |  7.2

Action                   |  1- 3 |  4- 6 |  7- 9 | 10-12 || total
-------------------------+-------+-------+-------+-------++-------
Melee: Short sword       |    20 |       |       |       ||    20
       Dagger            |    59 |   163 |   306 |    80 ||   608
       Punch             |     2 |     1 |     4 |     3 ||    10
       Bite              |    13 |    17 |    37 |    10 ||    77
       Rapier            |    39 |       |       |       ||    39
 Cast: Mephitic Cloud    |       |       |     2 |     1 ||     3
       Dazzling Flash    |       |       |       |     2 ||     2
Invok: Stomp             |       |       |     1 |     2 ||     3
Evoke: Wand              |     1 |       |    12 |     6 ||    19
  Use: Scroll            |     1 |     5 |     5 |     2 ||    13
       Potion            |       |       |     2 |     1 ||     3
 Stab: Sleeping          |    12 |    17 |     8 |       ||    37
       Paralysed         |       |       |     4 |     1 ||     5
       Distracted        |       |       |     1 |       ||     1
Armor: Leather armour    |    21 |    20 |    18 |     1 ||    60
       Acid dragon scale |       |       |       |     2 ||     2
Dodge: Dodged            |    93 |    83 |   190 |    67 ||   433

Table legend: (Time is in decaauts)
 A = Elapsed time spent in this place.
 B = Non-inter-level travel time spent in this place.
 C = Inter-level travel time spent in this place.
 D = Time resting spent in this place.
 E = Time spent auto-exploring this place.
 F = Levels seen in this place.
 G = Mean time per level.
                   A        B        C        D        E       F      G
               +--------+--------+--------+--------+--------+-----+--------+
         Total |   9856 |   9121 |    735 |   1873 |   4752 |  10 |  985.6 |
       Dungeon |   9615 |   8923 |    692 |   1873 |   4576 |   9 | 1068.3 |
        Temple |    240 |    197 |     43 |      0 |    176 |   1 |  240.0 |
               +--------+--------+--------+--------+--------+-----+--------+

Top non-repeatable levels by time:
     D:8: 1901 daAuts
     D:7: 1538 daAuts
     D:6: 1193 daAuts
     D:5: 1056 daAuts
     D:4: 1011 daAuts
     D:2: 916 daAuts
     D:3: 785 daAuts
     D:1: 693 daAuts
     D:9: 518 daAuts
  Temple: 240 daAuts
